 Dungeon Crawl Stone Soup version 0.23.0-3-gf3c87f2 (webtiles) character file.

Game seed: 7409208755796847126

20 Borgoz the Sneak (level 2, 0/18 (20) HPs)
             Began as a Ghoul Enchanter on Feb 24, 2019.
             Slain by a giant cockroach (2 damage)
             ... on level 1 of the Dungeon.
             The game lasted 00:01:51 (1118 turns).

Borgoz the Sneak (Ghoul Enchanter)                  Turns: 1118, Time: 00:01:52

HP:   0/18 (20)     AC:  3    Str:  9 (11) XL:     2   Next: 79%
MP:   2/3           EV: 12    Int:  9 (10) God:
Gold: 41            SH:  0    Dex:  8 (9)  Spells: 1/4 levels left

rFire    . . .     SeeInvis .   a - +1 dagger
rCold    + . .     Gourm    .   (no shield)
rNeg     + + +     Faith    .   b - +0 robe
rPois    ∞         Spirit   .   (no helmet)
rElec    .         Reflect  .   (no cloak)
rCorr    .         Harm     .   (no gloves)
MR       .....                  g - +0 pair of boots
Stlth    ++........             (no amulet)
HPRegen  0.00/turn              (no ring)
MPRegen  0.08/turn              (no ring)

@: rotting
A: rotting body, claws 1, carnivore, cold resistance 1, negative energy
resistance 3, inhibited regeneration, torment resistance, unbreathing
a: no special abilities


You were on level 1 of the Dungeon.
You were not hungry.

You visited 1 branch of the dungeon, and saw 2 of its levels.

You collected 41 gold pieces.

Inventory:

Hand Weapons
 a - a +1 dagger (weapon)
Missiles
 e - 19 poisoned needles
Armour
 b - a +0 robe (worn)
 g - a +0 pair of boots (worn)
Scrolls
 c - 2 scrolls of identify {unknown}
Comestibles
 d - 3 rations


   Skills:
 + Level 1.2 Short Blades
 + Level 2.1 Dodging
 + Level 3.4 Stealth
 + Level 1.9 Spellcasting
 + Level 2.7 Hexes


You had one spell level left.
You knew the following spells:

 Your Spells              Type           Power        Failure   Level  Hunger
a - Corona                Hex            #......      11%         1    ##.....
b - Ensorcelled Hibernat  Hex/Ice        #.....       28%         2    ###....

Your spell library contained the following spells:

 Spells                   Type           Power        Failure   Level  Hunger
 Confuse                  Hex            #.......     32%         3    ####...
 Tukima's Dance           Hex            #.......     32%         3    ####...
 Dazzling Spray           Conj/Hex       #.....       50%         3    ####...


Dungeon Overview and Level Annotations

Branches:
Dungeon (2/15)

Altars:


Innate Abilities, Weirdness & Mutations

Your body is rotting away.
You thrive on raw meat.
You are immune to poison.
You have sharp fingernails.
You are carnivorous and can eat meat at any time.
Your flesh is cold resistant. (rC+)
You are immune to negative energy. (rN+++)
You do not regenerate when monsters are visible.
You are immune to unholy pain and torment.
You can survive without breathing.


Message History

The bat closely misses you. The giant cockroach barely misses you.
The hobgoblin hits you with a +0 club.
* * * LOW HITPOINT WARNING * * *
The giant cockroach closely misses you. The bat barely misses you.
The giant cockroach bites you.
* * * LOW HITPOINT WARNING * * *
The hobgoblin stops glowing.
The bat completely misses you.
Okay, then.
Okay, then.
It was a potion of mutation.
You feel extremely strange.
Your body decomposes!
You feel weakened.
Your body decomposes!
You feel weakened.
Your body decomposes!
You feel dopey.
Your body decomposes!
You feel clumsy. The giant cockroach bites you.
You die...

..........# #.##.# #...#.#......
.....###.## #..#.# ###.#.#.#.###
.....# #.# ##.#.# #.#.#.#.#
.....# #.### #...### #.#÷#.#.#
####.# #...# ##....# #.#.#...#
####'#####.####..#.# #.#.#####
#...[...##.....gb#.# ##.#.######
#....[..########s#.###.........#
#.......# #@#......#.####.#
#.......# #.###...##.####.#
'.......# #............##.#
#.......# ######.....####.#
#.......# #.##.#####.# #.......#
####.......# ######### #########


You could see a giant cockroach, a hobgoblin and a bat.

Vanquished Creatures
  A giant cockroach (D:1)
  A hobgoblin (D:1)
  5 kobolds (D:1)
  A quokka (D:1)
  4 bats
  3 frilled lizards (D:1)
  4 goblins (D:1)
19 creatures vanquished.

Notes
Turn   | Place    | Note
-------+----------+-------------------------------------------
     0 | D:1      | Borgoz the Ghoul Enchanter began the quest for the Orb.
     0 | D:1      | Reached XP level 1. HP: 14/14 MP: 2/2
   182 | D:1      | Reached XP level 2. HP: 15/20 MP: 3/3
   706 | D:2      | Reached skill level 1 in Short Blades
  1006 | D:1      | Learned a level 2 spell: Ensorcelled Hibernation
  1118 | D:1      | Slain by a giant cockroach

Skill      XL: |  1  2 |
---------------+-------+-----
Dodging        | 2 |  2.1
Short Blades   | 1 |  1.2
Stealth        | |  3.4
Spellcasting   | |  1.9
Hexes          | |  2.7

Action                   || total
-------------------------++-------
Melee: Dagger            ||    73
 Cast: Corona            ||     4
  Use: Potion            ||     1
 Stab: Sleeping          ||     1
  Eat: Chunk             ||     7
Armor: Robe              ||    27
Dodge: Dodged            ||    83
